 Dungeon Crawl Stone Soup version 0.25.0-26-g0c896c7088 (webtiles) character file.

Game seed: 11040175069150847439

63 Ethylacetat the Stinger (level 4, 0/36 HPs)
             Began as a Naga Venom Mage on July 4, 2020.
             Slain by a gnoll
             ... wielding a +0 spear
              (4 damage)
             ... on level 2 of the Dungeon.
             The game lasted 00:06:26 (793 turns).

Ethylacetat the Stinger (Naga Venom Mage)            Turns: 793, Time: 00:06:26

Health: 0/36       AC:  6    Str: 11    XL:     4   Next: 10%
Magic:  0/7        EV: 10    Int: 16    God:
Gold:   66         SH:  0    Dex: 11    Spells: 6/7 levels left

rFire    . . .     SeeInvis +   (no weapon)
rCold    . . .     Gourm    .   (no shield)
rNeg     . . .     Faith    .   a - +0 robe
rPois    +         Spirit   .   (no helmet)
rElec    .         Reflect  .   (no cloak)
rCorr    .         Harm     .   (no gloves)
MR       .....                  (no barding)
Stlth    ++........             (no amulet)
HPRegen  0.12/turn              g - +4 ring of protection
MPRegen  0.10/turn              (no ring)

@: very slightly contaminated, very slow
A: large, see invisible, deformed body, poison resistance, slowness 2, slow
metabolism 1, spit poison 1, AC +1
a: Spit Poison


You were on level 2 of the Dungeon.
You were not hungry.

You visited 1 branch of the dungeon, and saw 2 of its levels.

You collected 66 gold pieces.

Inventory:

Armour
 a - a +0 robe (worn)
Jewellery
 g - a +4 ring of protection (left hand)
Scrolls
 b - a scroll of teleportation {unknown}
 d - a scroll of fear {unknown}
 i - a scroll of enchant armour {unknown}
Potions
 e - a potion of curing {unknown}
 f - 2 potions of might {unknown}
 h - 2 potions of mutation {unknown}
 j - a potion of heal wounds {unknown}
 k - a potion of lignification {unknown}
Comestibles
 c - 3 rations


   Skills:
 - Level 1.5 Dodging
 - Level 3.0 Stealth
 + Level 2.4 Spellcasting
 * Level 2.4 Transmutations
 * Level 5.1 Poison Magic


You had 6 spell levels left.
You knew the following spells:

 Your Spells              Type           Power        Failure   Level  Hunger
a - Sting                 Tmut/Pois      ##..         4%          1    #......

Your spell library contained the following spells:

 Spells                   Type           Power        Failure   Level  Hunger
 Poisonous Vapours        Pois/Air       ##....       11%         2    ###....
 Ignite Poison            Fire/Tmut/Pois ##......     22%         3    ###....
 Olgreb's Toxic Radiance  Pois           ###.....     24%         4    #####..
 Mephitic Cloud           Conj/Pois/Air  #.......     28%         3    ###....


Dungeon Overview and Level Annotations

Branches:
Dungeon (2/15)

Altars:


Innate Abilities, Weirdness & Mutations

You cannot wear boots.
Your serpentine skin is tough. (AC +1)
You have supernaturally acute eyesight. (SInv)
Armour fits poorly on your strangely shaped body.
Your system is resistant to poisons. (rPois)
You cover ground very slowly.
You have a slow metabolism.
You can spit poison.


Message History

You feel slightly more hungry.
The gnoll hits you from afar with a +0 spear!
* * * LOW HITPOINT WARNING * * *
You struggle against the net.
The gnoll hits you from afar with a +0 spear.
* * * LOW HITPOINT WARNING * * *
You struggle against the net.
You have got your breath back.
The gnoll hits you but does no damage.
Casting: Sting (safe; 4% risk of failure)
Confirm with . or Enter, or press ? or * to list all spells.
Aiming: Sting (safe; 4% risk of failure)
Press: ? - help, Shift-Dir - straight line, f - gnoll
Aim: a gnoll, wielding a +0 spear You miscast Sting.
You are very lightly contaminated with residual magic.
Nothing appears to happen.
The gnoll hits you but does no damage.
You rip the net and break free!
The gnoll hits you from afar with a +0 spear.
You die...

.#.# #.# ..# ..... #.#
..# ......#
.....##.##..### .....#
..............# .<...#
..............# ....#
.......<......# ....#
.....##........ #..#
.....##...#########..#
........>..(....@)g).#
...#..#...#.รท(.#####.#
#...........'......r
##.#...#....######....
...#...#....# ....g.
### #####[...# ......
#....# ?.... #....#
...%. #....#


You could see a gnoll.

Vanquished Creatures
  2 gnolls (D:2)
  An adder (D:2)
  2 leopard geckos
  3 bats (D:1)
  A giant cockroach (D:1)
  5 goblins (D:1)
  3 hobgoblins (D:1)
  4 jackals (D:1)
  3 frilled lizards (D:1)
  5 kobolds (D:1)
  3 rats
32 creatures vanquished.

Notes
Turn   | Place    | Note
-------+----------+-------------------------------------------
     0 | D:1      | Ethylacetat the Naga Venom Mage began the quest for the
                  | Orb.
     0 | D:1      | Reached XP level 1. HP: 15/15 MP: 3/3
   195 | D:1      | Reached XP level 2. HP: 22/22 MP: 5/5
   463 | D:1      | Reached XP level 3. HP: 28/28 MP: 1/6
   775 | D:2      | Reached skill level 5 in Poison Magic
   789 | D:2      | Reached XP level 4. HP: 15/36 MP: 0/7
   793 | D:2      | Slain by a gnoll

Illustrated notes

Levels and vault maps discovered:
D:1:      beargit_arrival_greenhouse, layout_rooms
D:2:      layout_basic, uniq_robin

Skill      XL: |  1  2  3 |
---------------+----------+-----
Transmutations | 2 |  2.4
Poison Magic   | 5 |  5.1
Dodging        | |  1.5
Stealth        | |  3.0
Spellcasting   | |  2.4

Action                   |  1- 3 |  4- 6 || total
-------------------------+-------+-------++-------
Melee: Unarmed           |    21 |       ||    21
 Cast: Sting             |    36 |       ||    36
 Abil: Spit Poison       |    21 |     1 ||    22
  Eat: Chunk             |     1 |       ||     1
Armor: Robe              |     7 |     2 ||     9
Dodge: Dodged            |    21 |       ||    21
